 Dungeon Crawl Stone Soup version 0.29.0-13-gc9e81de378 (webtiles) character file.

Game seed: 2101831979410052238

38 SnakkuSnakku7 the Chopper (level 3, 0/32 HPs)
             Began as a Naga Warper on Sept 9, 2022.
             Slain by a kobold
             ... wielding a +0 dagger
              (1 damage)
             ... on level 2 of the Dungeon.
             The game lasted 00:01:22 (1614 turns).

SnakkuSnakku7 the Chopper (Naga Warper)             Turns: 1614, Time: 00:01:23

Health: 0/32       AC:  2    Str: 15    XL:     3   Next: 43%
Magic:  6/6        EV:  9    Int: 13    God:
Gold:   33         SH:  0    Dex: 10    Spells: 6/6 levels left

rFire   . . .      SeeInvis +   a - +0 hand axe
rCold   . . .      Faith    .   (no shield)
rNeg    . . .      Spirit   .   b - +0 leather armour
rPois   +          Reflect  .   (no helmet)
rElec   .          Harm     .   (no cloak)
rCorr   .          Rampage  .   (no gloves)
Will    .....                   (no barding)
Stlth   +.........              (no amulet)
HPRegen 0.10/turn               (no ring)
MPRegen 0.10/turn               (no ring)

@: short of breath, very slow
A: AC +1, large, see invisible, deformed body, poison resistance, slowness 2,
spit poison 1, naga tail 1
a: Spit Poison


You were on level 2 of the Dungeon.
You visited 1 branch of the dungeon, and saw 2 of its levels.

You collected 33 gold pieces.

Inventory:

Hand Weapons
 a - a +0 hand axe (weapon)
Missiles
 d - 6 boomerangs of dispersal
Armour
 b - a +0 leather armour (worn)
Scrolls
 c - 2 scrolls of blinking
 e - a scroll of enchant armour {unknown}
 h - a scroll of noise {unknown}
 j - a scroll of identify {unknown}
Potions
 f - a potion of flight {unknown}
 g - 2 potions of lignification {unknown}
 i - 2 potions of curing {unknown}
 k - a potion of might {unknown}
 l - a potion of berserk rage {unknown}


   Skills:
 - Level 2.0 Fighting
 + Level 3.7 Axes
 - Level 0.8 Throwing
 - Level 0.7 Armour
 - Level 1.5 Dodging
 - Level 2.0 Spellcasting
 - Level 3.0 Translocations


You had 6 spell levels left.
You didn't know any spells.
Your spell library contained the following spells:

 Spells                   Type           Power      Damage    Failure   Level
 Blink                    Tloc           18%        N/A       14%         2
 Gell's Gravitas          Tloc           9%         N/A       26%         3
 Lesser Beckoning         Tloc           9%         N/A       26%         3
 Teleport Other           Tloc           9%         N/A       26%         3
 Manifold Assault         Tloc           9%         N/A       94%         5


Dungeon Overview and Level Annotations

Branches:
Dungeon (2/15)

Altars:
Qazlal


Innate Abilities, Weirdness & Mutations

Your serpentine skin is tough. (AC +1)
You have supernaturally acute eyesight. (SInv)
Armour fits poorly on your strangely shaped body.
Your system is resistant to poisons. (rPois)
You cover ground very slowly.
You can spit poison.
You have a snake-like lower body.


Message History

You hit the kobold.
The kobold is moderately wounded.
You closely miss the goblin. The bat hits you but does no damage.
The goblin hits you with a +0 dagger. The kobold hits you with a +0 dagger.
You closely miss the kobold.
The kobold is moderately wounded.
You hit the goblin. The bat barely misses you.
The goblin hits you with a +0 dagger. The kobold hits you with a +0 dagger.
You closely miss the kobold.
The kobold is moderately wounded.
You hit the goblin.
You kill the goblin!
The bat barely misses you. The kobold hits you with a +0 dagger.
* * * LOW HITPOINT WARNING * * *
Unknown command.
The bat hits you.
* * * LOW HITPOINT WARNING * * *
The kobold barely misses you. The bat hits you but does no damage.
The kobold hits you with a +0 dagger.
* * * LOW HITPOINT WARNING * * *
You see here a +0 dagger.
The bat closely misses you. The kobold barely misses you.
Unknown command.
Aiming: Spit Poison (2% risk of failure)
Press: ? - help, Q - select action, (/) - cycle Shift-Dir - straight line, f - kobold
Aim: a kobold, wielding a +0 dagger and quivering stones (moderately wounded, 50% to hit)
The splash of poison misses the kobold.
The bat hits you.
* * * LOW HITPOINT WARNING * * *
The kobold hits you with a +0 dagger.
* * * LOW HITPOINT WARNING * * *
You closely miss the kobold.
The kobold is moderately wounded.
You hit the bat. The bat barely misses you. x2
The kobold hits you but does no damage.
Unknown command.
You hit the kobold but do no damage.
The kobold is moderately wounded.
The bat hits you but does no damage. The kobold hits you with a +0 dagger.
You die...

.#.....#### .##.#.#
..........####. .. ..#.#
.###.####.##...## #.#.#
###.####.##..##########
#........##..#........#
#.##.###.##..#.§≈..≈≈.#
#. #.# #.##..#.b≈..≈≈.#
# #.# #.....')..??...#
#.# #.##..'K@.$?...# .
#.# #.##.##.≈≈..§≈.#
...##.###..?..#.§≈?.§≈.#
..........##.##........#
#####.###.##.###########
#.# #.##.# ... ......
...# #.##.# ##### #.##.#


You could see a bat and a kobold.

Vanquished Creatures
  An adder (D:2)
  A dart slug (D:1)
  3 ball pythons
  3 endoplasms (D:1)
  A giant cockroach (D:2)
  3 goblins
  A hobgoblin (D:1)
  2 kobolds (D:1)
  5 bats
  A frilled lizard (D:1)
  6 rats
27 creatures vanquished.

Notes
Turn   | Place    | Note
-------+----------+-------------------------------------------
     0 | D:1      | SnakkuSnakku7 the Naga Warper began the quest for the Orb.
     0 | D:1      | Reached XP level 1. HP: 19/19 MP: 3/3
   575 | D:1      | Reached XP level 2. HP: 17/26 MP: 5/5
   798 | D:1      | Found a faded altar of an unknown god.
  1157 | D:1      | Reached XP level 3. HP: 32/32 MP: 6/6
  1474 | D:2      | Found a stormy altar of Qazlal.
  1612 | D:2      | HP: 1/32 [kobold/+0 dagger (3)]
  1614 | D:2      | Slain by a kobold

Illustrated notes

Levels and vault maps discovered:
D:1:      matt_arrival_los_fun, layout_loops_ring,
          hellmonk_ecumenical_altar_blasted
D:2:      layout_loops_ring, basic_altar, serial_shops, shop, amethyst_killhole,
          kennysheep_generic_room_5

Skill      XL: |  1  2 |
---------------+-------+-----
Axes           | 3 |  3.7
Fighting       | |  2.0
Throwing       | |  0.8
Armour         | |  0.7
Dodging        | |  1.5
Spellcasting   | |  2.0
Translocations | |  3.0

Action                   || total
-------------------------++-------
Melee: Hand axe          ||    80
       Punch             ||     2
Throw: Boomerang         ||     1
 Abil: Spit Poison       ||     2
Armor: Leather armour    ||    35
Dodge: Dodged            ||    55
